 Dungeon Crawl Stone Soup version 0.23-a0-301-g9da9e51 (webtiles) character file.

1567 Amnesiac the Digger (level 8, -2/67 HPs)
             Began as a Troll Earth Elementalist on Oct 7, 2018.
             Was a Priest of Dithmenos.
             Slain by an orc
             ... wielding a +0 short sword
              (3 damage)
             ... on level 6 of the Dungeon.
             The game lasted 00:14:53 (5371 turns).

Amnesiac the Digger (Troll Earth Elementalist)      Turns: 5371, Time: 00:14:53

Health: -2/67      AC:  5    Str: 17    XL:     8   Next: 59%
Magic:  0/11       EV: 13    Int: 13    God:    Dithmenos [***...]
Gold:   406        SH:  0    Dex: 10    Spells: 10/13 levels left

rFire    . . .     SeeInvis .     - Unarmed
rCold    . . .     Gourm    +   (no shield)
rNeg     . . .     Faith    .   c - +0 robe
rPois    .         Spirit   +   (helmet restricted)
rElec    .         Reflect  .   A - scarf {cloud immunity}
rCorr    +         Harm     .   (gloves unavailable)
MR       .....                  (boots unavailable)
Stlth    +++.......             j - amulet of guardian spirit
HPRegen  0.61/turn              C - ring of resist corrosion
MPRegen  0.12/turn              e - +3 ring of evasion

@: wreathed by umbra
A: large, unfitting armour, claws 3, fast metabolism 3, gourmand, regeneration
1, shaggy fur 1, tough skin 2
a: Shadow Step, Renounce Religion


You were on level 6 of the Dungeon.
You worshipped Dithmenos.
Dithmenos was most pleased with you.
You were very full.

You visited 1 branch of the dungeon, and saw 7 of its levels.

You collected 406 gold pieces.

Inventory:

Hand Weapons
 q - a +1 short sword of venom
 v - a +2 trident of distortion
 w - a +2 dagger of protection
Missiles
 b - 248 stones (quivered)
Armour
 c - a +0 robe (worn)
 y - a +0 cloak
 A - a scarf of cloud immunity (worn)
Jewellery
 e - a +3 ring of evasion (right claw)
 j - an amulet of guardian spirit (around neck)
 l - an uncursed ring of protection from fire
 C - a ring of resist corrosion (left claw)
Scrolls
 a - 4 scrolls of teleportation {!r}
 g - 6 scrolls of remove curse {!r}
 h - 2 scrolls of fog {!r}
 k - a scroll of fear {!r}
 p - a scroll of enchant armour {!r}
 u - a scroll of blinking {!r}
 z - a scroll of vulnerability {!r}
Potions
 f - a potion of cancellation {!q, unknown}
 i - 5 potions of curing {!q, unknown}
 m - a potion of mutation {!q}
 n - a potion of heal wounds {!q}
 o - a potion of might {!q}
 r - 2 potions of lignification {!q, unknown}
 t - a potion of magic {!q}
 x - 2 potions of flight {!q}
 D - 2 potions of agility {!q, unknown}
Comestibles
 d - 13 rations


   Skills:
 * Level 2.1 Dodging
 - Level 3.0 Stealth
 - Level 6.0 Unarmed Combat
 - Level 3.0 Spellcasting
 - Level 0.6 Transmutations
 - Level 6.0 Earth Magic


You had 10 spell levels left.
You knew the following spells:

 Your Spells              Type           Power        Failure   Level  Hunger
a - Sandblast             Erth           ###...       1%          1    #......
b - Passwall              Tmut/Erth      ##......     9%          2    ###....

Your spell library contained the following spells:

 Spells                   Type           Power        Failure   Level  Hunger
 Stone Arrow              Conj/Erth      #.....       21%         3    ###....
 Lee's Rapid Deconstruct  Erth           ###.......   47%         5    ######.
 Petrify                  Tmut/Erth      ##......     50%         4    #####..


Dungeon Overview and Level Annotations

Branches:
Dungeon (7/15)             Temple (0/1) D:6

Altars:
Dithmenos
Elyvilon
Fedhas
Hepliaklqana
Kikubaaqudgha
Makhleb
Qazlal
Zin


Innate Abilities, Weirdness & Mutations

You are too large for most types of armour.
You have claws for hands.
Your metabolism is lightning-fast.
You like to eat raw meat.
Your natural rate of healing is unusually fast.
You are covered in fur. (AC +1)
You have very tough skin. (AC +2)


Message History

The orc warrior barely misses you. The orc priest closely misses you.
The orc wizard closely misses you. The orc misses you.
You scratch the orc warrior but do no damage.
The orc warrior is moderately wounded.
The orc warrior closely misses you.
You closely miss the orc warrior.
The orc warrior is moderately wounded.
The orc priest closely misses you. The orc barely misses you.
The orc hits you with a flail. The orc warrior closely misses you.
You closely miss the orc warrior.
The orc warrior is moderately wounded.
The orc wizard closely misses you. The orc misses you.
The orc priest closely misses you. The orc barely misses you.
You barely miss the orc warrior.
The orc warrior is moderately wounded.
A leopard gecko comes into view.
The orc warrior misses you. The orc barely misses you.
The orc closely misses you.
The orc wizard hits you but does no damage.
The orc closely misses you. The orc priest barely misses you.
You scratch the orc warrior but do no damage.
The orc warrior is moderately wounded.
The orc warrior hits you but does no damage.
The orc hits you but does no damage. The orc wizard casts a spell at you.
You are confused.
The orc closely misses you.
You are too confused!
You are too confused!
You are too confused!
You closely miss the orc wizard. The orc priest hits you with a flail!
* * * LOW HITPOINT WARNING * * *
The orc closely misses you.
The orc wizard gestures at you while chanting.
You resist with some effort.
The orc warrior hits you with a dire flail!
* * * LOW HITPOINT WARNING * * *
The orc completely misses you.
You claw the orc priest!
The orc priest is almost dead.
The orc priest closely misses you. The orc hits you but does no damage.
The orc wizard closely misses you. The orc wizard hits you with a dagger.
* * * LOW HITPOINT WARNING * * *
The orc warrior hits you with a dire flail.
* * * LOW HITPOINT WARNING * * *
The orc priest hits you but does no damage.
The orc wizard hits you but does no damage.
You bump into the rock wall.
The orc closely misses you. The orc wizard completely misses you.
The orc priest invokes the aid of Beogh against you.
You struggle to resist.
You claw the orc wizard!
You kill the orc wizard!
Dithmenos accepts your kill.
Your Dodging skill increases to level 2!
The orc hits you with a flail.
* * * LOW HITPOINT WARNING * * *
The orc hits you but does no damage. The orc wizard barely misses you.
You feel less confused.
The orc priest mumbles some strange prayers to Beogh against you.
Beogh smites you!
* * * LOW HITPOINT WARNING * * *
The orc hits you with a short sword.
You die...

#...# .....##.......##.##
#...## ###............#.##
#..........#...#
#.......)..##.##
#.........)...##
#.##...........#
..########.#..#.........#
......oo.o..............#
.......oo@((............##
#.#.##..o..⌠..............
......l......>........##
##.....⌠.>.⌠........<.##
#....................##
.........⌠............##
.............#...........
....#.#.###............##
##..#.......###


You could see an orc warrior, an orc priest, an orc wizard, 3 orcs and a leopard
gecko.

Vanquished Creatures
  Eustachio (D:4)
  A sky beast (D:5)
  5 ogres
  A bullfrog (D:6)
  A gnoll sergeant (D:4)
  3 wights (D:6)
  A crimson imp (D:6)
  A bullfrog skeleton (D:6)
  3 orc priests
  Crazy Yiuf (D:3)
  2 orc wizards
  A centaur skeleton (D:4)
  6 worker ants
  A hound skeleton (D:5)
  4 gnolls (D:4)
  A worker ant zombie (D:6)
  7 adders
  2 adder zombies
  2 oozes
  3 worms
  4 dart slugs
  6 leopard geckos
  11 orcs
  2 ball pythons
  8 giant cockroaches
  11 goblins
  7 hobgoblins
  9 jackals
  4 quokkas
  11 bats
  6 frilled lizards
  A jackal skeleton (D:5)
  7 kobolds
  2 leopard gecko skeletons (D:4)
  A quokka zombie (D:6)
  12 rats
149 creatures vanquished.

Notes
Turn   | Place    | Note
-------+----------+-------------------------------------------
     0 | D:1      | Amnesiac the Troll Earth Elementalist began the quest for
                  | the Orb.
     0 | D:1      | Reached XP level 1. HP: 16/16 MP: 1/1
    94 | D:1      | Reached skill level 1 in Unarmed Combat
   122 | D:1      | Reached XP level 2. HP: 20/24 MP: 2/2
   367 | D:2      | Reached XP level 3. HP: 31/31 MP: 3/3
   390 | D:2      | Found a shadowy altar of Dithmenos.
   428 | D:2      | Became a worshipper of Dithmenos the Shadowed
  1293 | D:2      | Reached XP level 4. HP: 28/39 MP: 2/4
  1295 | D:2      | Reached * piety under Dithmenos
  1898 | D:3      | Reached XP level 5. HP: 42/45 MP: 3/5
  2220 | D:3      | Found a runed door.
  2224 | D:3      | Noticed Crazy Yiuf
  2230 | D:3      | Killed Crazy Yiuf
  2394 | D:3      | Found a blossoming altar of Fedhas.
  2479 | D:3      | Reached ** piety under Dithmenos
  2712 | D:4      | Noticed Eustachio
  2754 | D:4      | Killed Eustachio
  2754 | D:4      | Reached XP level 6. HP: 29/53 MP: 0/7
  2758 | D:4      | Learned a level 2 spell: Passwall
  3219 | D:4      | Reached XP level 7. HP: 59/59 MP: 9/9
  3525 | D:4      | Reached skill level 5 in Earth Magic
  3662 | D:5      | Entered Level 5 of the Dungeon
  3777 | D:5      | Found a stormy altar of Qazlal.
  4040 | D:5      | Found a hazy altar of Hepliaklqana.
  4041 | D:5      | Found an ancient bone altar of Kikubaaqudgha.
  4330 | D:5      | Reached *** piety under Dithmenos
  4409 | D:6      | Reached XP level 8. HP: 67/67 MP: 11/11
  4568 | D:7      | Found a burning altar of Makhleb.
  4573 | D:7      | Found a glowing silver altar of Zin.
  4578 | D:7      | Found a white marble altar of Elyvilon.
  4668 | D:6      | Reached skill level 5 in Unarmed Combat
  5294 | D:6      | Found a staircase to the Ecumenical Temple.
  5371 | D:6      | HP: 1/67 [orc priest/divine providence (12)]
  5371 | D:6      | Slain by an orc

Vault maps used:
D:1:      dpeg_arrival_round_b
D:2:      lemuel_doored_altar, serial_curves, eino_curves_01, eino_curves_04
D:3:      fedhas_altar_2, uniq_crazy_yiuf_cottage
D:4:      first_ration, uniq_eustachio
D:5:      minitemple, grunt_qazlal_sundering
D:6:      temple_fountains, serial_co_window_serial, co_window_cross_1,
          co_window_paths_a, co_window_cross_1, co_window_of_opportunity_a,
          co_window_corner_a, co_window_paths_a, co_window_corner_ca,
          co_window_of_opportunity_c, co_window_broadway_a,
          co_window_broadway_c, co_window_4corner_b, co_window_4corner_a,
          glass_columns_b, glass_columns_a, serial_shops, nicolae_shop_crystal
D:7:      minmay_overflow_temple_star_quad, grunt_livestock

Skill      XL: |  1  2  3  4  5  6  7  8 |
---------------+-------------------------+-----
Unarmed Combat | 1 2 3 4 6 |  6.0
Stealth        | 2 3 |  3.0
Earth Magic    | 4 6 |  6.0
Spellcasting   | 2 3 |  3.0
Dodging        | 2 |  2.1
Transmutations | |  0.6

Action                   |  1- 3 |  4- 6 |  7- 9 || total
-------------------------+-------+-------+-------++-------
Melee: Unarmed           |   126 |   209 |   196 ||   531
       Punch             |     1 |     1 |     2 ||     4
 Cast: Sandblast         |       |    11 |     1 ||    12
  Use: Scroll            |       |    10 |     7 ||    17
 Stab: Sleeping          |     1 |     4 |     6 ||    11
       Distracted        |       |     1 |       ||     1
  Eat: Chunk             |    17 |    19 |    17 ||    53
Armor: Robe              |    34 |    57 |    32 ||   123
Dodge: Dodged            |    91 |   158 |   145 ||   394

Table legend:
 A = Non-vault XP
 B = Vault XP
 C = Vault XP percentage of total XP
 D = Non-vault monster count
 E = Vault monster count
 F = Vault count percentage of total count
                 A         B        C        D         E       F
            +---------+---------+-------+---------+---------+-------
      Total |    2014 |     225 |  10.0 |     147 |       2 |   1.3
            +---------+---------+-------+---------+---------+-------
        D:1 |      60 |       0 |   0.0 |      31 |       0 |   0.0
        D:2 |      86 |       0 |   0.0 |      24 |       0 |   0.0
        D:3 |     164 |      40 |  19.6 |      34 |       1 |   2.9
        D:4 |     386 |     185 |  32.4 |      28 |       1 |   3.4
        D:5 |     501 |       0 |   0.0 |      12 |       0 |   0.0
        D:6 |     817 |       0 |   0.0 |      18 |       0 |   0.0
            +---------+---------+-------+---------+---------+-------
